 Dungeon Crawl Stone Soup version 0.28.0-53-g5a82cb258f (webtiles) character file.

Game seed: 3548100322329210241

179 safid the Chopper (level 5, -1/46 HPs)
             Began as a Hill Orc Fighter on Aug 12, 2022.
             Slain by a lemure (7 damage)
             ... led by Pikel
             ... on level 3 of the Dungeon.
             The game lasted 00:03:46 (3462 turns).

safid the Chopper (Hill Orc Fighter)                Turns: 3462, Time: 00:03:47

Health: -1/46      AC:  8    Str: 21    XL:     5   Next: 59%
Magic:  5/5        EV:  9    Int:  8    God:
Gold:   178        SH:  4    Dex: 10    Spells: 4/4 levels left

rFire   . . .      SeeInvis .   a - +0 war axe
rCold   . . .      Faith    .   c - +0 buckler
rNeg    . . .      Spirit   .   b - +0 scale mail
rPois   .          Reflect  .   (no helmet)
rElec   .          Harm     .   (no cloak)
rCorr   .          Rampage  .   r - +0 pair of gloves
Will    .....                   (no boots)
Stlth   ..........              (no amulet)
HPRegen 0.15/turn               (no ring)
MPRegen 0.09/turn               (no ring)

@: no status effects
A: no striking features
a: no special abilities


You were on level 3 of the Dungeon.
You visited 1 branch of the dungeon, and saw 4 of its levels.

You collected 178 gold pieces.

Inventory:

Hand Weapons
 a - a +0 war axe (weapon)
Missiles
 i - 6 poisoned darts (quivered)
Armour
 b - a +0 scale mail (worn)
 c - a +0 buckler (worn)
 r - a +0 pair of gloves (worn)
Wands
 n - a wand of flame (29)
Scrolls
 e - a scroll of blinking {unknown}
 f - a scroll of acquirement {unknown}
 g - a scroll of fear {unknown}
 h - a scroll of teleportation {unknown}
 j - 2 scrolls of identify {unknown}
 k - a scroll of fog {unknown}
 m - a scroll of vulnerability {unknown}
 q - 2 scrolls of amnesia {unknown}
 t - a scroll of enchant weapon {unknown}
Potions
 d - a potion of might
 l - a potion of degeneration {unknown}
 o - a potion of brilliance {unknown}
 p - 2 potions of heal wounds {unknown}
 s - a potion of mutation {unknown}


   Skills:
 - Level 4.0 Fighting
 + Level 6.1 Axes
 - Level 4.0 Armour
 - Level 4.0 Shields


You had 4 spell levels left.
You didn't know any spells.
Your spell library was empty.

Dungeon Overview and Level Annotations

Branches:
Dungeon (4/15)
 Temple: D:4-7

Altars:
Dithmenos

Shops:
D:2 [

Annotations:
D:3 Pikel


Message History

Pikel is lightly wounded.
You completely miss the lemure.
Pikel hits you with a +2 whip of freezing.
Pikel freezes you. The lemure hits you but does no damage.
Pikel barely misses you.
You barely miss Pikel.
Pikel is lightly wounded.
You miss the lemure. The lemure hits you. You block Pikel's attack.
The lemure hits you!
You slash Pikel!
Pikel is moderately wounded.
You closely miss the lemure. Pikel hits you but does no damage.
The lemure barely misses you.
Unknown command.
You completely miss Pikel.
Pikel is moderately wounded.
You hit the lemure. Pikel barely misses you. You block the lemure's attack.
Unknown command.
You slash Pikel!
Pikel is heavily wounded.
You closely miss the lemure. Pikel completely misses you.
The lemure barely misses you.
Unknown command.
You closely miss Pikel.
Pikel is heavily wounded.
You hit the lemure.
Pikel says, "You'll burn in Gehenna!"
Pikel hits you but does no damage. The lemure hits you.
* * * LOW HITPOINT WARNING * * *
Pikel barely misses you.
You hit Pikel but do no damage.
Pikel is heavily wounded.
You hit the lemure. The lemure hits you.
* * * LOW HITPOINT WARNING * * *
Pikel hits you with a +2 whip of freezing.
* * * LOW HITPOINT WARNING * * *
Pikel freezes you.
* * * LOW HITPOINT WARNING * * *
The lemure hits you!
You die...

...≈......## #......#...
.≈≈..P#....# #.....#....
.≈≈§§§#....# ###.....#####
(.≈≈≈§#....# ######.....#.#....
.≈≈≈≈.#....#####.................
.P.≈..§.............#.##.........
#.....##########.##.####...#.....
......#.........5K.....#...#.....
#.....#......###@................
#...............#.#.##.#...##....
#.............#.#.#.##.#....)....
#.............#.#.#.##.#.#.##....
##...8........#.#.#.##.#.#.#.....
##.......#<..#.#.#.##.#.#.#.....
#........#####.#.#.##.#.#.#.....
#..#..#........#.#.##.#.#.##....
#..#..#.########.#.##.#.#.##....


You could see Pikel and a lemure.

Vanquished Creatures
  2 scorpion zombies (D:3)
  An orc wizard (D:3)
  2 hound zombies (D:3)
  An adder (D:3)
  An adder skeleton (D:3)
  An adder zombie (D:3)
  3 orcs (D:3)
  8 bats
  6 endoplasms
  A giant cockroach (D:2)
  5 goblins
  3 hobgoblins
  7 kobolds
  2 quokkas
  5 ball pythons
  A ball python skeleton (D:3)
  6 frilled lizards
  A jackal zombie (D:3)
  A quokka zombie (D:3)
  4 rats
61 creatures vanquished.

Notes
Turn   | Place    | Note
-------+----------+-------------------------------------------
     0 | D:1      | safid the Hill Orc Fighter began the quest for the Orb.
     0 | D:1      | Reached XP level 1. HP: 19/19 MP: 1/1
   117 | D:1      | Reached skill level 3 in Axes
   117 | D:1      | Reached XP level 2. HP: 20/27 MP: 2/2
   405 | D:1      | Found a faded altar of an unknown god.
  1099 | D:2      | Found Follabuu's Armour Emporium.
  1123 | D:2      | Reached XP level 3. HP: 28/33 MP: 3/3
  2389 | D:3      | Reached skill level 4 in Axes
  2389 | D:3      | Reached XP level 4. HP: 17/40 MP: 4/4
  2904 | D:3      | Reached skill level 5 in Axes
  2974 | D:3      | Reached XP level 5. HP: 42/46 MP: 5/5
  3215 | D:3      | Reached skill level 6 in Axes
  3413 | D:3      | Found a shadowy altar of Dithmenos.
  3442 | D:4      | Noticed Pikel
  3442 | D:4      | Noticed a lemure
  3442 | D:4      | Noticed a lemure
  3443 | D:4      | Noticed a lemure
  3443 | D:4      | Noticed a lemure
  3462 | D:3      | Slain by a lemure

Illustrated notes

Levels and vault maps discovered:
D:1:      dpeg_arrival_rooms_c, layout_loops_cross,
          ebering_ecumenical_altar_hall, kennysheep_pointless_box
D:2:      layout_basic, serial_shops, shop, minivault_5
D:3:      layout_basic, lemuel_coloured_pillars_altar, serial_undead,
          serial_undead_f, serial_undead_f, serial_undead_a, serial_undead_f,
          serial_undead_b, serial_undead_d, serial_undead_f, serial_undead_d,
          kennysheep_minor_cross, mrwooster_statue_mirror,
          hangedman_decor_points
D:4:      old_forge, layout_basic, serial_shops, nicolae_shop_hallway_plus,
          minmay_ogre_servants, uniq_pikel, uniq_ijyb, uniq_crazy_yiuf_cottage

Skill      XL: |  1  2  3  4  5 |
---------------+----------------+-----
Axes           | 3 4 5 6 |  6.1
Fighting       | 4 |  4.0
Armour         | 4 |  4.0
Shields        | 4 |  4.0

Action                   |  1- 3 |  4- 6 || total
-------------------------+-------+-------++-------
Melee: War axe           |   125 |    71 ||   196
Armor: Scale mail        |    48 |    48 ||    96
Dodge: Dodged            |    60 |    36 ||    96
Block: Buckler           |    30 |    16 ||    46
